Unix NetHack Version 3.7.0-65 Work-in-progress - last build Oct 10 2022 05:34:18 (2afc5cfc90f7ecdc2856d9919a2295b875398e55,branch:master). Game began 2022-10-16 11:00:58, ended 2022-10-19 23:33:18. aerth, neutral female human Monk --------------- .............%.# --------- |.......<.....| |?.*.%)*| |.............| |[.!%%/*| -------------- ..............| |.......| |.....1......| -|------------- -----|--- .............| # #*# |............| ######### # |............|## # # # |.[..........-# ## ### ---.---------- ### # # ------.|- ######################################### |....<..|# % ########### 0## # # ## # |........0 ###O@####%#%## 0###....+-.-----.. #####.....|---- |.......-#%##### # # |.............### |........| |.......| # 0 # |............| ### ....{....| |.......| |.......>.....## |........| --------- |............| ---------- -------------- Aerth the Student of Stones St:18 Dx:12 Co:17 In:9 Wi:13 Ch:8 Neutral Dlvl:7 $:118 HP:0(81) Pw:76(88) AC:-2 Xp:10/5235 T:14570 Burdened Latest messages: What do you want to use or apply? [b-dhjktQ or ?*] What do you want to eat? [pI or ?*] This C-ration is bland. Where do you want to travel to? (For instructions type a '?') Where do you want to travel to? (For instructions type a '?') You hear the chime of a cash register. You kill the cave spider! You have a little trouble lifting f - a copper wand. Where do you want to travel to? (For instructions type a '?') The ogre swings her club. The ogre hits! You hit the ogre! You hit the ogre! The ogre swings her club. The ogre hits! You kill the ogre! The ogre is caught in a spider web. The ogre picks up a club. You hit the ogre! The ogre swings his double-headed axe. The ogre misses! You kill the ogre! There are several objects here. You escape a web. The ogre thrusts his unicorn horn. The ogre hits! You hit the ogre! The ogre thrusts his unicorn horn. The ogre hits! You hit the ogre! The ogre thrusts his unicorn horn. The ogre hits! You kill the ogre! But wait... The ogre's medallion begins to glow! The ogre looks much better! The medallion crumbles to dust! The ogre thrusts his unicorn horn. The ogre hits! # Are you sure you want to pray? [yn] (n) You begin praying to Chih Sung-tzu. The ogre thrusts his unicorn horn. The ogre hits! The ogre thrusts his unicorn horn. The ogre hits! You die... Inventory: Coins ('$') $ - 118 gold pieces Amulets ('"') n - an uncursed amulet of reflection (being worn) Weapons (')') M - 4 blessed +0 darts Armor ('[') z - a blessed +3 dwarvish iron helm (being worn) a - an uncursed +2 pair of leather gloves (being worn) N - an uncursed +0 pair of elven boots m - a blessed burnt +1 pair of speed boots (being worn) T - an uncursed +1 robe (being worn) Comestibles ('%') I - 2 uncursed lizard corpses Wands ('/') t - an uncursed wand of cancellation (0:8) f - an uncursed wand of create monster (0:11) j - an uncursed wand of striking (0:2) c - an uncursed wand of teleportation (0:6) Tools ('(') b - an uncursed sack containing 34 items Q - an uncursed brass lantern d - an uncursed magic whistle k - an uncursed skeleton key h - an uncursed +0 unicorn horn Contents of the sack: 6240 gold pieces an uncursed haggis 6 uncursed apples an uncursed food ration 4 uncursed fortune cookies 5 uncursed oranges 5 uncursed lichen corpses an uncursed scroll of confuse monster an uncursed scroll of earth a cursed scroll of fire an uncursed scroll of food detection a cursed scroll of gold detection a blessed scroll of remove curse an uncursed scroll of remove curse an uncursed scroll of taming a cursed potion of confusion an uncursed potion of full healing a blessed potion of hallucination an uncursed potion of object detection an uncursed potion of restore ability 2 potions of holy water an uncursed potion of water 2 uncursed potions of water an uncursed ring of slow digestion an uncursed ring of sustain ability an uncursed ring of sustain ability an uncursed wand of polymorph (0:4) an uncursed magic marker (0:64) an uncursed oil lamp an uncursed +0 pick-axe a cursed tinning kit (0:78) an uncursed agate stone an uncursed fluorite stone an uncursed garnet stone Aerth the Monk's attributes: Background: You were a Student of Stones, a level 10 female human Monk. You were neutral, on a mission for Chih Sung-tzu who was opposed by Shan Lai Ching (lawful) and Huan Ti (chaotic). You were in the Dungeons of Doom, on level 7. You entered the dungeon 14570 turns ago. It was nighttime. You had 5235 experience points, 4765 more were needed to attain level 11. Basics: You had 0 out of 81 hit points. You had 76 out of 88 energy points (spell power). Your armor class was -2. Your wallet contained 118 zorkmids. Autopickup was on for '$?!"=/*', with exceptions. Final Characteristics: Your strength was 18 (limit:18/100). Your dexterity was 12 (peak:14, limit:18). Your constitution was 17 (limit:18). Your intelligence was 9 (limit:18). Your wisdom was 13 (peak:14, limit:18). Your charisma was 8 (limit:18). Final Status: You were not hungry. You were burdened; movement was slightly slowed. You were empty handed. You had expert skill with martial arts and could have enhanced that. Final Attributes: You were piously aligned. You were fire resistant. You were sleep resistant. You were poison resistant. You saw invisible. You were telepathic. You were warned. You had automatic searching. You were stealthy. You were guarded. You were very fast. You had reflection. You were unlucky. You are dead. Miscellaneous: You disabled loading of bones levels. Total elapsed playing time was 1 hour, 52 minutes and 58 seconds. Major events: Turn 1: aerth the neutral female human Monk entered the dungeon 392: attained the rank of Novice (level 3) 710: entered the Gnomish Mines 4018: attained the rank of Initiate (level 6) 5852: reached Mine Town 8344: was bestowed with Vorpal Blade by Chih Sung-tzu 11342: was bestowed with Fire Brand by Chih Sung-tzu 12263: entered Sokoban 12886: completed 2nd Sokoban level 13158: completed 3rd Sokoban level 14111: completed 4th Sokoban level 14155: acquired the Sokoban amulet of reflection 14512: attained the rank of Student of Stones (level 10) 14570: killed by an ogre, while praying Vanquished creatures: 2 giant mimics a large mimic a stalker a giant mummy 3 small mimics a xan an ogre leader a quantum mechanic a tengu an energy vortex a red naga a Grey-elf a soldier 2 giant beetles a cockatrice 8 wolves 2 winter wolf cubs 3 leprechauns an orc-captain a giant spider a scorpion an ice vortex a vampire bat 2 gnome rulers 2 ogres a rust monster a yeti a gold golem 2 lizards a dingo a jaguar 3 dwarf leaders a blue jelly a white unicorn 2 black unicorns a dust vortex a raven 2 gnome mummies 3 snakes 4 water moccasins 2 fire ants a bugbear 2 imps 2 water nymphs 5 Uruk-hai an orc shaman a rock mole a pony 4 fog clouds a yellow light a shrieker a violet fungus 3 gnome leaders 5 gnomish wizards a kobold mummy a guardian naga hatchling 3 gray oozes a ghoul 2 paper golems 6 giant ants a floating eye 12 dwarves 4 homunculi 3 kobold leaders 25 hill orcs 11 rothes a rabid rat 5 giant bats a monkey 3 dwarf zombies a wererat 2 werejackals 6 iguanas 3 acid blobs 5 coyotes 2 gas spores 5 hobbits a manes 2 large kobolds 4 hobgoblins 2 giant rats 9 cave spiders 5 yellow molds a red mold 27 gnomes 3 garter snakes 3 gnome zombies 12 geckos 22 jackals a kobold 2 goblins a sewer rat 11 grid bugs 11 lichens 3 kobold zombies 6 newts 326 creatures vanquished. No species were genocided or became extinct. Voluntary challenges: You never hit with a wielded weapon. You read items or engraved 12 times. You engraved Elbereth 4 times. You never genocided any monsters. You never polymorphed an object. You never changed form. You used no wishes. You violated the special Sokoban rules twice. Achievements: You entered a shop. You attained the rank of Novice. You entered the Gnomish Mines. You attained the rank of Initiate. You entered Minetown. You entered a temple. You entered Sokoban. You completed Sokoban. You attained the rank of Student of Stones. The Dungeons of Doom: levels 1 to 8 Level 1: Level 2: "vault" A general store, an altar to Chih Sung-tzu. Level 3: A wand shop. Stairs down to The Gnomish Mines. Level 4: Level 5: A sink. Level 6: A fountain. Oracle of Delphi. Level 7: <- You were here. A general store, a fountain. Stairs up to Sokoban, level 6. Final resting place for you, killed by an ogre, while praying. Level 8: A grave. The Gnomish Mines: levels 4 to 7 Level 4: Level 5: Level 6: Level 7: Many shops, a temple to Chih Sung-tzu, some fountains. Sokoban: levels 6 up to 3 Level 3: Solved. Level 4: Solved. Level 5: Solved. Level 6: Unsolved. Game over: ---------- / \ / REST \ / IN \ / PEACE \ / \ | aerth | | 6358 Au | | killed by an | | ogre | | | | | | 2022 | *| * * * | * _________)/\\_//(\/(/\)/\//\/|_)_______ Goodbye aerth the Monk... You died in The Dungeons of Doom on dungeon level 7 with 27079 points, and 6358 pieces of gold, after 14570 moves. You were level 10 with a maximum of 81 hit points when you died.